 Dungeon Crawl Stone Soup version 0.30-a0-726-gd89dcf765f (webtiles) character file.

Game seed: 8454604199698875520

989 ASSMAN the Basher (level 8, -4/44 HPs)
             Began as a Gargoyle Gladiator on Jan 29, 2023.
             Slain by a yak (11 damage)
             ... on level 5 of the Dungeon.
             The game lasted 00:08:25 (4363 turns).

ASSMAN the Basher (Gargoyle Gladiator)              Turns: 4363, Time: 00:08:26

Health: -4/44      AC: 11    Str: 19    XL:     8   Next: 18%
Magic:  8/8        EV: 12    Int: 10    God:
Gold:   241        SH:  0    Dex: 11    Spells: 7/7 levels left

rFire   . . .      SeeInvis .    a - +0 flail
rCold   . . .      Faith    .    (no shield)
rNeg    + . .      Spirit   .    b - +1 leather armour
rPois   ∞          Reflect  .    c - +0 helmet
rElec   +          Harm     .    u - +0 cloak
rCorr   .          Rampage  .    (no gloves)
Will    .....                    (no boots)
Stlth   +                        (no amulet)
HPRegen 0.27/turn                (no ring)
MPRegen 0.11/turn                (no ring)

@: invisible
A: sickness immunity, AC +5, negative energy resistance 1, electricity
resistance, torment resistance 1, petrification resistance
a: no special abilities


You were on level 5 of the Dungeon.
You visited 1 branch of the dungeon, and saw 5 of its levels.

You collected 241 gold pieces.

Inventory:

Hand Weapons
 a - a +0 flail (weapon)
 j - a +0 whip
 E - a +2 long sword of electrocution
Missiles
 e - a javelin (quivered)
Armour
 b - a +1 leather armour (worn)
 c - a +0 helmet (worn)
 u - a +0 cloak (worn)
Magical Staves
 g - a staff of poison
 v - a staff of cold
Jewellery
 B - an amulet of magic regeneration
Wands
 n - a wand of iceblast (5)
 s - a wand of paralysis (16)
 w - a wand of digging (5)
Scrolls
 h - a scroll of teleportation
Potions
 i - a potion of ambrosia
 k - 4 potions of curing
 l - a potion of mutation
 o - a potion of attraction {unknown}
 p - 2 potions of haste
 q - a potion of brilliance {unknown}
 r - a potion of magic {unknown}
 t - 2 potions of flight {unknown}
 z - a potion of berserk rage {unknown}
 C - a potion of might {unknown}


   Skills:
 - Level 2.1 Fighting
 + Level 9.7 Maces & Flails
 - Level 1.7 Throwing
 - Level 2.4 Dodging


You had 7 spell levels left.
You didn't know any spells.
Your spell library contained the following spells:

 Spells                   Type           Power      Damage    Failure   Level
 Magic Dart               Conj           0%         1d3       41%         1
 Call Imp                 Summ           0%         N/A       56%         2
 Inner Flame              Hex/Fire       0%         N/A       80%         3
 Mephitic Cloud           Conj/Pois/Air  0%         N/A       80%         3
 Cause Fear               Hex            0%         N/A       99%         4
 Discord                  Hex            0%         N/A       100%        8


Dungeon Overview and Level Annotations

Branches:
Dungeon (5/15)
 Temple: D:4-7

Altars:
Dithmenos
Okawaru
Qazlal

Shops:
D:1 ([


Innate Abilities, Weirdness & Mutations

You are immune to sickness and miasma.
Your stone body is resilient. (AC +5)
You are immune to poison.
You resist negative energy. (rN+)
You are resistant to electric shocks. (rElec)
You are resistant to unholy torment.
You are immune to petrification.


Message History

You sock the yak!
The yak is moderately wounded.
The yak closely misses you.
You barely miss the yak.
The yak is moderately wounded.
The yak barely misses you.
You hit the yak.
The yak is heavily wounded.
The yak completely misses you.
You hit the yak.
The yak is heavily wounded.
The yak gores you.
You hit the yak.
The yak is severely wounded.
The yak barely misses you.
You barely miss the yak.
The yak is severely wounded.
The yak gores you!
You barely miss the yak.
The yak is severely wounded.
The yak gores you but does no damage.
You sock the yak!
The yak is almost dead.
The yak gores you but does no damage.
You sock the yak!
You kill the yak!
You have reached level 8!
You feel clever.
You hit the yak.
The yak is lightly wounded.
The yak gores you!
You hit the yak.
The yak is moderately wounded.
You barely miss the yak.
The yak is moderately wounded.
The yak gores you!
* * * LOW HITPOINT WARNING * * *
You fade into invisibility!
The yak gores you!
You die...

#### ##........#########..##.....
...# #..........#.....#..##......
...####.....Y............##......
....####..........#####..........
..................# #....#.......
...##..........#### ##..###......
...##.#........# ♣♣♣ #.##...####.
#..## ##.......#♣#.#♣#........##.
#...###..#.....Y@._..'.#..#....##
##.###..###....#♣#.#♣###.###.....
##..##..###....# ♣♣♣ #...........
##.......##....#######.#.......#.
#.......###..###...#####......##
##............###..### ##>....##.
..........######.....###.........
..........##.....................
.......................##.##.....


You could see a yak (unable to see you).

Vanquished Creatures
  3 yaks (D:5)
  An ice beast (D:5)
  A scorpion (D:4)
  Crazy Yiuf (D:3)
  4 hounds
  3 iguanas
  3 gnolls (D:4)
  7 adders
  4 worms (D:2)
  5 dart slugs
  An orc (D:3)
  2 endoplasms
  3 giant cockroaches
  10 goblins
  10 hobgoblins
  2 quokkas
  7 ball pythons
  A bat (D:2)
  3 frilled lizards
  6 kobolds
  6 rats
83 creatures vanquished.

Vanquished Creatures (others)
  30 plants (D:5)
30 creatures vanquished.

Grand Total: 113 creatures vanquished

Notes
Turn   | Place    | Note
-------+----------+-------------------------------------------
     0 | D:1      | ASSMAN the Gargoyle Gladiator began the quest for the Orb.
     0 | D:1      | Reached XP level 1. HP: 12/12 MP: 1/1
   237 | D:1      | Found Naycis's Armour Boutique.
   415 | D:1      | Reached XP level 2. HP: 13/17 MP: 2/2
   454 | D:1      | Found Uleirre's Weapon Shoppe.
   893 | D:1      | You fall into a shaft and drop 1 floor!
   908 | D:2      | Reached skill level 4 in Maces & Flails
   920 | D:2      | Reached XP level 3. HP: 21/21 MP: 3/3
  1388 | D:2      | Reached XP level 4. HP: 26/26 MP: 4/4
  1877 | D:3      | Reached skill level 5 in Maces & Flails
  2137 | D:3      | Found a shadowy altar of Dithmenos.
  2153 | D:3      | Found a stormy altar of Qazlal.
  2297 | D:3      | Found a runed translucent door.
  2298 | D:3      | Noticed Crazy Yiuf
  2587 | D:3      | Killed Crazy Yiuf
  2588 | D:3      | Reached XP level 5. HP: 30/30 MP: 5/5
  2752 | D:4      | Identified the +9 dagger of Gluttony {heavy, rElec rPois
                  | rF- Stlth+}
  2874 | D:4      | Reached skill level 6 in Maces & Flails
  2926 | D:4      | Reached XP level 6. HP: 15/35 MP: 6/6
  3139 | D:4      | Reached skill level 7 in Maces & Flails
  3756 | D:5      | Entered Level 5 of the Dungeon
  3970 | D:5      | Reached XP level 7. HP: 40/40 MP: 7/7
  4018 | D:5      | Reached skill level 8 in Maces & Flails
  4159 | D:5      | Noticed a yak
  4160 | D:5      | Noticed a yak
  4160 | D:5      | Noticed a yak
  4161 | D:5      | Noticed a yak
  4190 | D:5      | Killed a yak
  4207 | D:5      | Killed a yak
  4208 | D:5      | Reached skill level 9 in Maces & Flails
  4208 | D:5      | HP: 2/40 [yak (4)]
  4340 | D:5      | Found an iron altar of Okawaru.
  4359 | D:5      | Killed a yak
  4360 | D:5      | Reached XP level 8. HP: 23/44 MP: 8/8
  4363 | D:5      | Slain by a yak

Illustrated notes

Levels and vault maps discovered:
D:1:      nicolae_arrival_somewhat_less_tricky_arrival, layout_basic,
          serial_shops, nicolae_shop_temple_entry_statues_fountains,
          nicolae_shop_advertising_works [nicolae_subvault_shop_adworks], shop
D:2:      layout_loops_ring, nicolae_figureground_pulse
D:3:      layout_basic, grunt_temple_overflow_open, uniq_crazy_yiuf_cottage
D:4:      minmay_inner_zag, layout_cave_pods
D:5:      layout_cave_pools, kennysheep_little_box, serial_bayou_lagoon_a

Skill      XL: |  1  2  3  4  5  6  7 |
---------------+----------------------+-----
Maces & Flails | 4 5 6 7 9 |  9.7
Fighting       | |  2.1
Throwing       | |  1.7
Dodging        | |  2.4

Action                     |  1- 3 |  4- 6 |  7- 9 || total
---------------------------+-------+-------+-------++-------
  Melee: Flail             |   127 |   218 |    60 ||   405
         Punch             |       |       |     2 ||     2
  Throw: Throwing net      |       |     4 |     3 ||     7
    Use: Scroll            |       |     4 |     8 ||    12
         Potion            |       |     2 |     2 ||     4
   Stab: Sleeping          |     1 |       |       ||     1
         Held in net/web   |       |     1 |     2 ||     3
         Invisible         |       |     5 |       ||     5
 Armour: Leather armour    |    46 |    79 |    14 ||   139
  Dodge: Dodged            |    80 |   144 |    11 ||   235

Table legend: (Time is in decaauts)
 A = Elapsed time spent in this place.
 B = Non-inter-level travel time spent in this place.
 C = Inter-level travel time spent in this place.
 D = Time resting spent in this place.
 E = Time spent auto-exploring this place.
 F = Levels seen in this place.
 G = Mean time per level.
                   A        B        C        D        E       F      G
               +--------+--------+--------+--------+--------+-----+--------+
         Total |   4406 |   4282 |    124 |    201 |   3262 |   5 |  881.2 |
       Dungeon |   4406 |   4282 |    124 |    201 |   3262 |   5 |  881.2 |
               +--------+--------+--------+--------+--------+-----+--------+

Top non-repeatable levels by time:
     D:4: 1126 daAuts
     D:2: 970 daAuts
     D:1: 903 daAuts
     D:3: 800 daAuts
     D:5: 605 daAuts
